 Dungeon Crawl Stone Soup version 0.25.0-1-g7eea58d2a3 (webtiles) character file.

Game seed: 8821912050023145368

35 LiquidNight the Magician (level 3, 0/27 HPs)
             Began as a Draconian Wizard on June 14, 2020.
             Slain by a gnoll
             ... wielding a +0 whip
              (9 damage)
             ... on level 1 of the Dungeon.
             The game lasted 00:11:54 (1394 turns).

LiquidNight the Magician (Draconian Wizard)         Turns: 1394, Time: 00:11:55

Health: 0/27       AC:  6    Str:  9    XL:     3   Next: 17%
Magic:  2/8        EV: 12    Int: 19    God:
Gold:   75         SH:  0    Dex:  9    Spells: 6/9 levels left

rFire    . . .     SeeInvis .   h - +0 spear
rCold    . . .     Gourm    .   (no shield)
rNeg     . . .     Faith    .   (armour unavailable)
rPois    .         Spirit   .   a - +0 hat
rElec    .         Reflect  .   (no cloak)
rCorr    .         Harm     .   (no gloves)
MR       .....                  k - +0 pair of boots
Stlth    ++........             (no amulet)
HPRegen  0.09/turn              (no ring)
MPRegen  0.11/turn              (no ring)

@: no status effects
A: unfitting armour, cold-blooded, AC +5
a: no special abilities


You were on level 1 of the Dungeon.
You were hungry.

You visited 1 branch of the dungeon, and saw 2 of its levels.

You collected 75 gold pieces.

Inventory:

Hand Weapons
 h - a +0 spear (weapon)
Missiles
 f - 6 javelins (quivered)
 j - 20 sling bullets
Armour
 a - a +0 hat (worn)
 k - a +0 pair of boots (worn)
Scrolls
 d - a scroll of teleportation
 e - a scroll of remove curse
Comestibles
 c - a ration


   Skills:
 + Level 0.9 Fighting
 + Level 2.0 Dodging
 - Level 1.7 Stealth
 * Level 3.7 Spellcasting
 + Level 1.3 Conjurations
 - Level 1.0 Summonings
   Level 1.0 Translocations


You had 6 spell levels left.
You knew the following spells:

 Your Spells              Type           Power        Failure   Level  Hunger
a - Magic Dart            Conj           #...         9%          1    None
b - Call Imp              Summ           #.......     14%         2    ##.....

Your spell library contained the following spells:

 Spells                   Type           Power        Failure   Level  Hunger
 Blink                    Tloc           N/A          14%         2    ##.....
 Slow                     Hex            #.......     22%         2    ##.....
 Conjure Flame            Conj/Fire      #.......     32%         3    ###....
 Mephitic Cloud           Conj/Pois/Air  #.......     34%         3    ###....


Dungeon Overview and Level Annotations

Branches:
Dungeon (2/15)

Altars:


Innate Abilities, Weirdness & Mutations

Your plain brown scales are hard. (AC +5)
You cannot fit into any form of body armour.
You are cold-blooded and may be slowed by cold attacks.


Message History

Aiming: Magic Dart (safe; 9% risk of failure)
Press: ? - help, Shift-Dir - straight line, f - goblin
Aim: a goblin (moderately wounded)
The magic dart hits the goblin.
The goblin is heavily wounded.
The goblin hits you.
* * * LOW HITPOINT WARNING * * *
You barely miss the goblin.
Your tail-slap misses the goblin.
The goblin is heavily wounded.
The goblin hits you but does no damage.
You are feeling hungry.
You closely miss the goblin.
The goblin is heavily wounded.
The goblin closely misses you.
You hit the goblin.
You kill the goblin!
You barely miss the gnoll.
The gnoll is moderately wounded.
The gnoll hits you with a +0 whip!
You die...

..#.####.# ###.#########(###.##..
#.#.####.###.............(..(#≈..
................#.......(###.#≈..
#.#....#.###.##.#..##..(..##.#≈..
#.#....#[# #.##....#....#....#≈..
..#.>....# #.......#...(..##.#≈.<
########## #............#.##.##..
#.##.##5#.#.......###.
#.##.@gg..5w...##..###
#.#####.#..[.#.##.#†##
#.#####.##........#>##
#.......##........#w..
#######.##........###.
#...#.#........###.
#.##.##............
#.#####.......####. #.# #.......#
#.


You could see a worm, 2 gnolls and 2 friendly crimson imps.

Vanquished Creatures
  A dart slug (D:1)
  A leopard gecko (D:1)
  5 goblins (D:1)
  3 hobgoblins (D:1)
  8 kobolds (D:1)
  4 bats (D:1)
  9 frilled lizards (D:1)
  4 rats (D:1)
35 creatures vanquished.

Notes
Turn   | Place    | Note
-------+----------+-------------------------------------------
     0 | D:1      | LiquidNight the Draconian Wizard began the quest for the
                  | Orb.
     0 | D:1      | Reached XP level 1. HP: 14/14 MP: 4/4
   266 | D:1      | Reached XP level 2. HP: 20/20 MP: 1/6
   695 | D:1      | Learned a level 2 spell: Call Imp
   960 | D:1      | Reached XP level 3. HP: 27/27 MP: 0/8
  1394 | D:1      | Slain by a gnoll

Illustrated notes

Levels and vault maps discovered:
D:1:      wander_arrival_chamber, layout_loops_cross, minmay_lizard_king
D:2:      layout_loops_ring, nicolae_overflow_quartered_altars, first_ration

Skill      XL: |  1  2 |
---------------+-------+-----
Dodging        | 2 |  2.0
Fighting       | |  0.9
Stealth        | |  1.7
Spellcasting   | |  3.7
Conjurations   | |  1.3
Summonings     | |  1.0
Translocations | |  1.0

Action                   || total
-------------------------++-------
Melee: Unarmed           ||     6
       Tailslap          ||     1
       Spear             ||    25
Throw: Javelin           ||     7
 Cast: Magic Dart        ||    51
       Call Imp          ||     4
  Use: Scroll            ||     5
       Potion            ||     1
  Eat: Chunk             ||     1
Armor: Skin              ||    13
Dodge: Dodged            ||    40
